Cogmind - Beta 9.6 @@@ ROGUE MODE // 2020.08.01 @ 21:34:55 Player: Pitt Result: Destroyed by S-10 Pest with Light Assault Rifle Performance ------------- Evolutions (2) 1000 Regions Visited (4) 800 Robots Destroyed (37) 185 Value Destroyed (1079) 1079 Prototype IDs (0) 0 Alien Tech Used (0) 0 Bonus (20) 20 TOTAL SCORE: 3084 Bonus ------- Follower Combat Kills 50 Friendly Fire -30 Cogmind --------- Core Integrity 0/550 Matter 273/300 Energy 92/100 System Corruption 0% Temperature Cool (0) Movement Core (50) Location -8/Materials Parts ------- > --- POWER (1) -------- (None) > --- PROPULSION (4) --- (None) > --- UTILITY (4) ------ Advanced Heat Sink Seismic Analyzer > --- WEAPON (2) ------- (None) > --- INVENTORY (4) ---- Light Nuclear Core Improved Hover Unit Small Storage Unit Advanced Weight Redist. System Peak State ------------ > --- POWER ------------ Light Angular Momentum Engine > --- PROPULSION ------- Light Treads Aluminum Leg Aluminum Leg Aluminum Leg > --- UTILITY ---------- Advanced Heat Sink High-capacity Storage Unit Improved Sensor Array Seismic Analyzer > --- WEAPON ----------- Light EM Pulse Cannon Assault Cannon > --- INVENTORY -------- Light Ion Engine Light Nuclear Core Improved Hover Unit Small Storage Unit Weight Redist. System Advanced Weight Redist. System Improved Terrain Scanner Light Armor Plating Beam Rifle EMP Blaster Grenade Launcher Mining Laser [Rating: 25] Favorites ----------- Power Ion Engine Engine Ion Engine Propulsion Aluminum Leg Treads Light Treads Leg Aluminum Leg Utility High-capacity Storage Unit Device Improved Terrain Scanner Storage High-capacity Storage Unit Processor Seismic Analyzer Protection Medium Armor Plating Weapon Light EM Pulse Cannon Energy Gun Medium Laser Energy Cannon Light EM Pulse Cannon Ballistic Gun Heavy Assault Rifle Ballistic Cannon Assault Cannon Launcher Grenade Launcher Special Weapon Mining Laser Build | -11 -10 -9 -9 -8 ------- Run | Scr Mat Mat Min Mat Slots Evolved 4 | . . 2 . 2 Power . | . . . . . Propulsion 2 | . . . . 2 Utility 2 | . . 2 . . Weapon . | . . . . . Parts Attached 51 | 9 3 18 9 12 Power 3 | 1 . . 1 1 Engine 3 | 1 . . 1 1 Core . | . . . . . Reactor . | . . . . . Propulsion 10 | 4 . 2 2 2 Treads 3 | 2 . . . 1 Leg 7 | 2 . 2 2 1 Wheel . | . . . . . Hover . | . . . . . Flight . | . . . . . Utility 11 | 2 1 4 2 2 Device 5 | 1 . 2 1 1 Storage 2 | 1 1 . . . Processor 1 | . . 1 . . Hackware . | . . . . . Protection 3 | . . 1 1 1 Artifact . | . . . . . Weapon 27 | 2 2 12 4 7 Energy Gun 4 | 2 1 . . 1 Energy Cannon 5 | . . 2 1 2 Ballistic Gun 3 | . . 3 . . Ballistic Cannon 3 | . . 1 1 1 Launcher 7 | . . 3 2 2 Special Weapon 5 | . 1 3 . 1 Impact Weapon . | . . . . . Slashing Weapon . | . . . . . Piercing Weapon . | . . . . . Special Melee Weapon . | . . . . . Unidentified Prototypes . | . . . . . Parts Lost 13 | . . 1 . 12 Power 2 | . . 1 . 1 Propulsion 2 | . . . . 2 Utility 2 | . . . . 2 Weapon 7 | . . . . 7 Highest Loss Streak 10 | . . 1 . 10 Average Slot Usage (%) 96 | . 100 98 100 75 Engine 10 | . 14 11 11 6 Leg 21 | . 28 22 22 15 Device 18 | . 14 19 20 14 Storage 10 | . 14 11 11 7 Processor 9 | . . 11 11 9 Protection 1 | . . 1 1 . Energy Gun 3 | . 24 2 . 1 Energy Cannon 7 | . . 6 11 4 Ballistic Gun 1 | . . 3 . . Ballistic Cannon 1 | . . . 1 4 Launcher 3 | . . . 9 4 Special Weapon 4 | . 3 7 . . Naked Turns . | . . . . . Heaviest Build 52 | 13 41 52 50 52 Greatest Support 40 | 40 20 20 20 30 Greatest Overweight (x) 4 | . 2 2 2 4 Average Overweight (x) 1 | . 1 2 2 . Largest Inventory Capacity 12 | 6 12 12 12 12 Average Capacity 11 | 5 10 12 12 10 Most Carried 12 | 6 8 12 12 12 Average Carried 10 | 3 7 11 11 9 Final Capacity 12 | 6 12 12 12 4 Final Carried 12 | 6 8 12 12 4 Class Distribution -------------------- 53% | Mutant 44% | Scavenger-Mutant Dominant Class ---------------- Mutant | -10/Materials Mutant | -9/Materials Scavenger-Mutant | -9/Mines Scavenger-Mutant | -8/Materials Resources | -11 -10 -9 -9 -8 ----------- Run | Scr Mat Mat Min Mat Matter Collected 888 | 290 . 230 225 143 Remotely . | . . . . . Salvage Created 1114 | 146 . 457 94 417 Parts 67 | 9 . 20 13 25 Haulers Intercepted . | . . . . . Recyclers Shooed 5 | 1 . 4 . . Parts Field Recycled . | . . . . . Retrieved Matter . | . . . . . Parts Self-Destructed . | . . . . . Prevented . | . . . . . Kills | -11 -10 -9 -9 -8 ------- Run | Scr Mat Mat Min Mat Combat Hostiles Destroyed 29 | . . 12 8 9 Melee 1 | . . . . 1 Cannons 9 | . . 4 2 3 AOE 18 | . . 7 6 5 Classes Destroyed 8 | 2 . 3 1 2 Builder 1 | . . . . 1 Tunneler 3 | 3 . . . . Recycler 2 | 1 . 1 . . Watcher 2 | . . . . 2 Swarmer 9 | . . 3 6 . Grunt 14 | . . 5 1 8 Duelist 1 | . . . 1 . Sentry 5 | . . 4 . 1 Best Kill Streak 7 | 3 . 7 5 6 Combat Bots Only 6 | . . 6 5 3 Max Kills in Single Turn 3 | 1 . 3 2 3 Gunslinging . | . . . . . Exploded 3 | . . 3 2 3 Melee 1 | . . . . 1 Uniques/NPCs Destroyed . | . . . . . Combat | -11 -10 -9 -9 -8 -------- Run | Scr Mat Mat Min Mat Damage Taken 2170 | . . 481 178 1511 Core 669 | . . 97 15 557 Absorbed by Shields . | . . . . . Core Remaining (%) 90 | 100 100 . 72 . Volleys Fired 110 | 7 6 49 16 32 Largest 2 | 2 2 1 2 2 Hottest 100 | 90 100 100 100 100 Shots Fired 131 | 14 10 49 17 41 Gun 32 | 14 9 . . 9 Cannon 59 | . . 26 9 24 Launcher 22 | . . 9 8 5 Special 18 | . 1 14 . 3 Kinetic 12 | . . 1 1 10 Thermal 62 | 14 10 14 3 21 Explosive 22 | . . 9 8 5 Electromagnetic 35 | . . 25 5 5 Robot Hit Streak 8 | 4 2 8 3 6 Robot Miss Streak 3 | 1 3 2 1 3 Penetration Max . | . . . . . Secondary Targets . | . . . . . Shots Hit Robots 65 | 8 4 22 10 21 Core Hits 70 | 5 . 27 11 27 Critical Hits 2 | . . . . 2 Critical Kills 1 | . . . . 1 Critical Parts Destroyed 1 | . . . . 1 Melee Attacks . | . . . . . Impact . | . . . . . Slashing . | . . . . . Piercing . | . . . . . Sneak Attacks . | . . . . . Combat Hostiles . | . . . . . Follow-up Attacks . | . . . . . Damage Inflicted 2947 | 84 . 1232 702 929 Guns 143 | 84 . . . 59 Cannons 942 | . . 407 177 358 Explosions 1857 | . . 825 525 507 Melee . | . . . . . Ramming 5 | . . . . 5 Kinetic 167 | . . 25 10 132 Thermal 504 | 84 . 101 92 227 Explosive 1673 | . . 724 487 462 Electromagnetic 598 | . . 382 113 103 Impact . | . . . . . Slashing . | . . . . . Piercing . | . . . . . Highest Corruption . | . . . . . Average Corruption . | . . . . . Corruption Purged . | . . . . . Overload Shots . | . . . . . Overflow Damage 42 | . . 42 . . Projectiles 11 | . . 11 . . Explosions 31 | . . 31 . . Melee . | . . . . . Knockbacks . | . . . . . Impact . | . . . . . Kinetic . | . . . . . Secondary . | . . . . . Self-Inflicted Damage 39 | . . 21 15 3 Shots 3 | . . 1 1 1 Rammed 3 | . . . . 3 Targets Rammed 3 | . . . . 3 Kicked . | . . . . . Crushed . | . . . . . Highest Temperature 154 | 90 30 139 154 27 Average Temperature 27 | 34 15 22 65 13 Received Heat Transfer 711 | . . 129 69 513 Siege Activations . | . . . . . Robots Corrupted 1 | . . 1 . . Combat Hostiles 1 | . . 1 . . Parts Fried 3 | . . 3 . . Impact Corruptions . | . . . . . Robots Melted . | . . . . . Combat Hostiles . | . . . . . Parts Melted 2 | . . . 1 1 Heat Transferred 991 | 223 . 200 161 407 Parts Sabotaged . | . . . . . Parts Stolen . | . . . . . Parts Stripped . | . . . . . Power Chain Reactions 4 | . . 2 1 1 Missiles Intercepted . | . . . . . Alert | -11 -10 -9 -9 -8 ------- Run | Scr Mat Mat Min Mat Peak Influence 249 | 20 70 225 238 249 Average Influence 85 | 8 45 46 167 151 Maximum Alert Level 1 | . . 1 1 1 Low Security (%) 80 | 100 100 93 51 63 Level 1 19 | . . 6 48 36 Level 2 . | . . . . . Level 3 . | . . . . . Level 4 . | . . . . . Level 5 . | . . . . . High Security . | . . . . . Max Security . | . . . . . Squads Dispatched 5 | . . 1 . 4 Investigation 2 | . . 1 . 1 Extermination . | . . . . . Reinforcement 3 | . . . . 3 Assault . | . . . . . Garrison . | . . . . . Intercept . | . . . . . Construction Impeded . | . . . . . Haulers Reinforced . | . . . . . Stealth | -11 -10 -9 -9 -8 --------- Run | Scr Mat Mat Min Mat Distress Signals 4 | . . 1 . 3 Communications Jammed . | . . . . . Distress Signals . | . . . . . Times Spotted 61 | . 3 22 12 24 Peak Tracking Total 7 | . 2 5 4 7 Tactical Retreats 4 | . . . 1 3 Traps | -11 -10 -9 -9 -8 ------- Run | Scr Mat Mat Min Mat Traps Triggered . | . . . . . Indirectly . | . . . . . Trap Hack Attempts . | . . . . . Triggered . | . . . . . Disarmed . | . . . . . Reprogrammed . | . . . . . Reused . | . . . . . Traps Extracted . | . . . . . Installed . | . . . . . Triggered 2 | . . . . 2 Machines | -11 -10 -9 -9 -8 ---------- Run | Scr Mat Mat Min Mat Machines Disabled 2 | . . 2 . . Max in Single Turn 1 | . . 1 . . Machines Sabotaged . | . . . . . Garrisons Compromised . | . . . . . Overloaded Fab Kills . | . . . . . Fab Network Shutdowns . | . . . . . Hacking | -11 -10 -9 -9 -8 --------- Run | Scr Mat Mat Min Mat Machines Accessed 9 | . 4 4 . 1 Terminals 9 | . 4 4 . 1 Fabricators . | . . . . . Repair Stations . | . . . . . Recycling Units . | . . . . . Scanalyzers . | . . . . . Garrison Access . | . . . . . Total Hacks 24 | . 9 11 . 4 Successful 8 | . 4 3 . 1 Failed 16 | . 5 8 . 3 Catastrophic 2 | . 1 1 . . Database Lockouts . | . . . . . Manual 10 | . 3 7 . . Terminals 24 | . 9 11 . 4 Fabricators . | . . . . . Repair Stations . | . . . . . Recycling Units . | . . . . . Scanalyzers . | . . . . . Garrison Access . | . . . . . Terminal Hacks 8 | . 4 3 . 1 Robot Analysis 1 | . . . . 1 Terminal Index 2 | . 1 1 . . Alert Level 2 | . 1 1 . . Dispatch Records 1 | . . 1 . . Zone Layout 2 | . 2 . . . Fabricator Hacks . | . . . . . Repair Station Hacks . | . . . . . Recycling Unit Hacks . | . . . . . Scanalyzer . | . . . . . Garrison Access Hacks . | . . . . . Unauthorized Hacks . | . . . . . Terminals . | . . . . . Fabricators . | . . . . . Repair Stations . | . . . . . Recycling Units . | . . . . . Scanalyzers . | . . . . . Garrison Access . | . . . . . Data Cores Recovered . | . . . . . Used . | . . . . . Hacking Detections 8 | . 3 4 . 1 Full Trace Events 2 | . . 1 . 1 Feedback Events . | . . . . . Feedback Blocked . | . . . . . Robot Schematics Acquired . | . . . . . Robots Built . | . . . . . Matter . | . . . . . Time . | . . . . . Total Robot Build Rating . | . . . . . Part Schematics Acquired . | . . . . . Parts Built . | . . . . . Matter . | . . . . . Time . | . . . . . Total Part Build Rating . | . . . . . Parts Repaired . | . . . . . Time . | . . . . . Parts Recycled . | . . . . . Recycled Matter . | . . . . . Retrieved Matter . | . . . . . Retrieved Components . | . . . . . Parts Scanalyzed . | . . . . . Part Schematics Acquired . | . . . . . Parts Damaged . | . . . . . Bothacking | -11 -10 -9 -9 -8 ------------ Run | Scr Mat Mat Min Mat Used RIF Installer . | . . . . . Robots Hacked . | . . . . . Non-combat . | . . . . . Combat . | . . . . . Robot Hacks Applied . | . . . . . Relay Couplers Released . | . . . . . Robots Rewired . | . . . . . Allies Hacked . | . . . . . Hacks Repelled . | . . . . . Allies | -11 -10 -9 -9 -8 -------- Run | Scr Mat Mat Min Mat Total Allies 2 | . . . 2 . Largest Group 2 | . . . 2 1 Highest-Rated Group 50 | . . . 50 19 Highest-Rated Ally 31 | . . . 31 19 Total Orders . | . . . . . Ally Attacks 9 | . . . 9 . Total Damage 85 | . . . 85 . Kills 2 | . . . 2 . Allies Corrupted . | . . . . . Allies Melted . | . . . . . Intel | -11 -10 -9 -9 -8 ------- Run | Scr Mat Mat Min Mat Robot Analysis Total 1 | . . . . 1 Derelict Logs Recovered . | . . . . . Drone Launches . | . . . . . Drone Recoveries . | . . . . . Exploration | -11 -10 -9 -9 -8 ------------- Run | Scr Mat Mat Min Mat Turns Passed 2666 | 147 202 1368 662 287 Spaces Moved 805 | 88 113 278 173 153 Core 80 | 3 . . . 77 Treads 4 | 4 . . . . Legs 721 | 81 113 278 173 76 Wheels . | . . . . . Hover . | . . . . . Flight . | . . . . . Fastest Speed 50 | 50 120 180 180 50 Average Speed 157 | 119 158 180 180 113 Slowest Speed 240 | 160 180 180 180 240 Overloaded Moves . | . . . . . Propulsion Burnouts . | . . . . . Robots Hopped . | . . . . . Cave-ins Triggered . | . . . . . Exploration Rate (%) 23 | 6 25 31 40 16 Regions Visited 4 Branch Regions 1 Pre-discovered Areas 1 | . . . 1 . Known Exits Taken . | . . . . . Unknown Exits Taken 4 | 1 1 1 1 . Scrap Searched 1 | . . . 1 . Spaces Dug 18 | . 1 14 . 3 Terrain Destroyed 134 | . 1 55 35 43 Melee . | . . . . . Projectile 19 | . 1 14 . 4 AOE 115 | . . 41 35 39 Actions | -11 -10 -9 -9 -8 --------- Run | Scr Mat Mat Min Mat Total 2030 | 113 125 1066 505 221 Wait 1018 | . . 705 304 9 Move 801 | 87 112 277 172 153 Hop . | . . . . . Pick Up 21 | 6 2 7 1 5 Fast Attach 17 | 9 . 5 1 2 Attach 10 | . 1 1 1 7 Detach 7 | 2 1 2 . 2 Swap 24 | . 2 12 7 3 Drop 19 | 2 1 8 3 5 Fire 110 | 7 6 49 16 32 Melee . | . . . . . Ram 3 | . . . . 3 Kick . | . . . . . Crush . | . . . . . Escape Stasis . | . . . . . Rewire . | . . . . . Trap . | . . . . . Miscellaneous . | . . . . . Route ------- -11/Scrapyard -10/Materials -9/Materials -9/Mines -8/Materials History --------- Turn | Location | Event 11 | -11/Scrapyard | Discovered new exit (range 16) 148 | -11/Scrapyard | Entered Materials 162 | -10/Materials | Discovered new exit (range 20) 316 | -10/Materials | Build established: Mutant 350 | -10/Materials | Entered another Materials area 350 | -9/Materials | Evolved 2 slots: Utility x2 1354 | -9/Materials | Discovered new exit (range 14) 1718 | -9/Materials | Entered Mines 1719 | -9/Mines | Learned location of Storage (-9) 1888 | -9/Mines | Build established: Scavenger-Mutant 2069 | -9/Mines | Discovered new exit (range 8) 2380 | -9/Mines | Entered Materials 2380 | -8/Materials | Accompanied by 1 ally 2380 | -8/Materials | Evolved 2 slots: Propulsion x2 2609 | -8/Materials | Core integrity fell below 50% 2636 | -8/Materials | Lost 10 parts (1p2n2u5w) 2642 | -8/Materials | Core integrity fell below 20% 2667 | -8/Materials | Destroyed by S-10 Pest with Light Assault Rifle Last Messages --------------- 02609_ Acquired Imp. Hover Unit. 02610_ U-05 Engineer lays Concrete. 02611_ R-06 Scavenger collects EM Pulse Cannon. 02611_ Acquired Mining Laser. 02614_ U-05 Engineer lays Concrete. 02614_ Penetrated by Slug. 02635_ The unstable cave ceiling collapses. 02636_ Slammed into G-47 Trooper. 02637_ Seismic Analyzer permanently disabled. 02637_ Destabilizing: Short circuit. 02638_ Slug penetrates Material Processor. 02638_ Material Processor disabled. 02638_ Mining Laser destroyed. 02638_ Slammed into G-47 Trooper. 02638_ G-47 Trooper destroyed. 02639_ Acquired 43 matter. 02641_ Slug penetrates Material Processor. 02644_ K-01 Serf collects debris. 02647_ Acquired Lgt. Nuclear Core. 02660_ Penetrated by Slug. Map ----- +----------------------------------------------------+ | ????????????????????????????????????? | | ????????????????????????????????????? | | ????????????????????????????????????? | | ????????????????????????????????????? | | ????????????????????????????????????? | | ????????????????????????????????????? | | ????????????????????????????????????? | | ????????????????????????????????????? | | ????????????????????????????????????? | | ????????????????????????????????????? | | ????????????????????????????????????? | | ???????? ??????????????????????????? | | ????? ?????????????????????????? | | ????# ?????????????????????????? | | ????# ?????????????????????????? | | ????# ?????????????????????????? | | ????# ?????????????????????????? | | ????# ????????????????????????? | | ????# ????????????????????????? | | ????# ???????????????????????? | | ????# ??????????????????????? | | ????# ?????????????????###?? | | ???## ##################T### | | ???#T o | | ????# | | ????# @ | | ????# ############## ######## | | ????## #????????????# #??????? | | ?????# #????????????# #??????? | | ?????# #????????????# #??????? | | ?????# ### #????????????# #??????? | | ?????#???# #????????????# #??????? | | ?????????# #????????????# ######## | | ???????### ####?????????# ^ ^ | | ???????# #?????????#^ ^ | | ???????# #?????????+^ " | | ???????# #?????????# """ ^T | | ????##+##### #?????????# ^ """"" " | | ????? ?# #?????????# ^""""" | | ?????"""" ?# #?????????#^ """"" | | ????""""" # ########### """ | | ????""""" # * | | ????""""" + % !=! | | ????""""" # !! =* | | ????""""" ### #### ####/########### | | ?????"""" ?# ## ## #??# | | ????? ?# % % ## ## #??# | | ????######### #### ## #??# | | ????????# # ## """ #??# | | ????????# ! # ## """" #??# | +----------------------------------------------------+ Best States ------------- Heat Dissipation 50 Energy Generation 18 Energy Capacity 250 Matter Stores 300 Matter Capacity 300 Sight Range 16 Robot Scan Range 13 Terrain Scan Range 16 Terrain Scan Density 60 Armor Coverage 225 Evasion (%) 50 Recoil Reduction 2 Item Schematics ----------------- None Robot Schematics ------------------ None Fabricated ------------ Nothing Alien Tech Used ----------------- None Achievements -------------- None Challenges ------------ None Game ------ Seed AntigravRemoteWell Manual? 0 Play Time 00:31:56 Cumulative 72.0 hours Start 2020.08.01 @ 20:58:52 End 2020.08.01 @ 21:34:55 Sessions 1 Manual Loads 0 Difficulty Rogue Special Mode None Game No. 124 Rogue 124 Adventurer 0 Explorer 0 Win Type - Total 0 Types 0/0/0/0/0/0/0 Lore% 45 Gallery% 50 Achievement% 32 Wizard Run 0 Options --------- ASCII 0 Keyboard 0 Movement Mouse Keybinds 0 Fullscreen 1 Font 12/Smallcaps Map View 83x54 Tactical HUD 1 Map Filters NONE Filters NONE Steam 1 RUN: eddbce55-5c4c-47a8-8cd8-43a2ec3021cb